 Dungeon Crawl Stone Soup version 0.28.0-53-g5a82cb258f (webtiles) character file.

Game seed: 6816758699523954690

32 enile the Sneak (level 3, -2/30 HPs)
             Began as a Ghoul Wanderer on May 29, 2022.
             Was a Follower of Vehumet.
             Slain by a phantom (3 damage)
             ... on level 2 of the Dungeon.
             The game lasted 00:03:37 (2175 turns).

enile the Sneak (Ghoul Wanderer)                    Turns: 2175, Time: 00:03:37

Health: -2/30      AC:  3    Str: 15    XL:     3   Next: 27%
Magic:  3/3        EV: 11    Int:  9    God:    Vehumet [*.....]
Gold:   91         SH:  0    Dex:  8    Spells: 0/4 levels left

rFire   + . .      SeeInvis .   i - +0 quarterstaff
rCold   + . .      Faith    .   (shield currently unavailable)
rNeg    + + +      Spirit   .   d - +0 leather armour
rPois   ∞          Reflect  .   (no helmet)
rElec   .          Harm     .   (no cloak)
rCorr   .          Rampage  .   (no gloves)
Will    .....                   (no boots)
Stlth   ++........              j - amulet of the acrobat
HPRegen 0.00/turn               h - ring of protection from fire
MPRegen 0.08/turn               (no ring)

@: attractive, inhibited regen
A: claws 1, cold resistance 1, negative energy resistance 3, inhibited
regeneration, torment resistance 2
a: Renounce Religion


You were on level 2 of the Dungeon.
You worshipped Vehumet.
Vehumet was aware of your devotion.
You visited 1 branch of the dungeon, and saw 2 of its levels.

You collected 91 gold pieces.

Inventory:

Hand Weapons
 a - a +2 dagger
 e - a +1 dagger of pain
 i - a +0 quarterstaff (weapon)
Armour
 d - a +0 leather armour (worn)
Jewellery
 h - a ring of protection from fire (left claw)
 j - an amulet of the acrobat (around neck)
Wands
 k - a wand of charming (6)
Scrolls
 c - a scroll of fog


   Skills:
 + Level 2.4 Fighting
 - Level 1.2 Dodging
 - Level 5.5 Stealth
 - Level 1.1 Spellcasting
 - Level 2.5 Hexes


You couldn't memorise any spells.
You knew the following spells:

 Your Spells              Type           Power      Damage    Failure   Level
a - Slow                  Hex            20%        N/A       16%         1
b - Tukima's Dance        Hex            5%         N/A       43%         3

Your spell library contained the following spells:

 Spells                   Type           Power      Damage    Failure   Level
 Sandblast                Erth           0%         2d4       41%         1


Dungeon Overview and Level Annotations

Branches:
Dungeon (2/15)

Altars:
Vehumet


Innate Abilities, Weirdness & Mutations

You thrive by killing the living.
You are immune to poison.
You have sharp fingernails.
Your flesh is cold resistant. (rC+)
You are immune to negative energy. (rN+++)
You do not regenerate when monsters are visible.
You are immune to unholy pain and torment.


Message History

The phantom barely misses you.
You sock the phantom!
The phantom is heavily damaged.
The phantom hits you.
The phantom blinks!
You blink.
You hit the phantom.
The phantom is severely damaged.
The phantom closely misses you. x2
You closely miss the phantom.
The phantom is severely damaged.
The phantom hits you.
* * * LOW HITPOINT WARNING * * *
You hit the phantom but do no damage.
The phantom is severely damaged.
The phantom hits you.
* * * LOW HITPOINT WARNING * * *
It was a potion of attraction.
You feel attractive to monsters.
The phantom hits you but does no damage.
Aiming: Charm
Press: ? - help, Shift-Dir - straight line, f/p - phantom
Aim: a phantom (severely damaged, chance to affect: 31%)
The phantom easily resists.
The phantom hits you.
* * * LOW HITPOINT WARNING * * *
As you read the scroll labelled SEGUNOY KAOB, it crumbles to dust.
It is a scroll of amnesia.
Okay, then.
The phantom hits you but does no damage.
This is a scroll of acquirement!
Something appears at your feet! The phantom hits you.
* * * LOW HITPOINT WARNING * * *
As you read the scroll labelled WUPLYQ NOUMP, it crumbles to dust.
You hear a loud clanging noise!
It was a scroll of noise.
The phantom hits you.
* * * LOW HITPOINT WARNING * * *
The phantom blinks!
You blink.
Aiming: Charm
Press: ? - help, Shift-Dir - straight line, f/p - phantom
Aim: a phantom (severely damaged, chance to affect: 31%)
The phantom easily resists.
The phantom hits you.
You die...

#..........#....## #..
#...........♣.P♣.## #..
#.........†♣P♣.P..####..
#............_...(##....
##........>..........#..
##........##..♣.######..
#.......=..###### #..
#.......§.># ###
#......@...#
#......W...#
#..........#
##[.......## ##......##
########


You could see a phantom.

Vanquished Creatures
  A dart slug (D:1)
  3 ball pythons
  2 endoplasms (D:1)
  A giant cockroach (D:1)
  2 goblins
  5 hobgoblins (D:1)
  4 kobolds
  A quokka (D:2)
  4 bats
  3 frilled lizards (D:1)
26 creatures vanquished.

Vanquished Creatures (others)
  A hobgoblin (D:1)
  2 withered plants (D:2)
3 creatures vanquished.

Grand Total: 29 creatures vanquished

Notes
Turn   | Place    | Note
-------+----------+-------------------------------------------
     0 | D:1      | enile the Ghoul Wanderer began the quest for the Orb.
     0 | D:1      | enile set off with the following items: a +2 dagger, a
                  | scroll of blinking, a scroll of fog, a +0 leather armour;
                  | and the following spell memorised: Slow; and the following
                  | spells available to memorise: Tukima's Dance
     0 | D:1      | Reached XP level 1. HP: 14/14 MP: 1/1
   472 | D:1      | Reached XP level 2. HP: 15/20 MP: 2/2
   646 | D:1      | Reached skill level 1 in Fighting
  1795 | D:1      | Reached XP level 3. HP: 14/29 MP: 1/3
  1928 | D:1      | Learned a level 3 spell: Tukima's Dance
  2011 | D:2      | Noticed a phantom
  2091 | D:2      | Found a faded altar of an unknown god.
  2103 | D:2      | Prayed at the altar of an unknown god.
  2103 | D:2      | Became a worshipper of Vehumet
  2103 | D:2      | Reached * piety under Vehumet
  2103 | D:2      | Offered knowledge of Sandblast by Vehumet.
  2173 | D:2      | Identified a scroll of acquirement
  2173 | D:2      | Acquired the ring "Vuba" {rF+++ rC- rN+++ Int+6 Dex-5}
  2174 | D:2      | HP: 1/30 [phantom (1)]
  2175 | D:2      | Slain by a phantom

Illustrated notes

Levels and vault maps discovered:
D:1:      giann_forest_graveyard, layout_basic, serial_corexii_hall,
          corexii_hall_statues_l, chequers_hall_statues_wall_a,
          chequers_hall_statues_y, corexii_hall_statues_s,
          corexii_hall_statues_i, corexii_hall_statues_x,
          hangedman_feature_mirror, wander_ebering_terrifying_dragon_lair
D:2:      layout_rooms, ebering_ecumenical_altar_petrified, grunt_ministairs_9,
          chequers_mini_garden, uniq_natasha

Skill      XL: |  1  2 |
---------------+-------+-----
Fighting       | 2 |  2.4
Dodging        | |  1.2
Stealth        | |  5.5
Spellcasting   | |  1.1
Hexes          | |  2.5

Action                   || total
-------------------------++-------
Melee: Dagger            ||    56
       Quarterstaff      ||    60
 Cast: Slow              ||     5
Evoke: Wand              ||     2
  Use: Scroll            ||     4
       Potion            ||     1
 Stab: Sleeping          ||     3
Armor: Leather armour    ||    41
Dodge: Dodged            ||    86
